 Dungeon Crawl Stone Soup version 0.20-a0-1050-g57248f3 (webtiles) character file.

18 M4edhros the Slasher (level 2, 0/21 HPs)
             Began as an Octopode Fighter on Apr 25, 2017.
             Slain by a quokka (2 damage)
             ... on level 3 of the Dungeon.
             The game lasted 00:00:26 (456 turns).

M4edhros the Slasher (Octopode Fighter)              Turns: 456, Time: 00:00:27

Health: 0/21       AC:  1    Str: 15    XL:     2   Next: 66%
Magic:  2/2        EV: 11    Int: 10    God:
Gold:   14         SH:  8    Dex: 11    Spells: 1/1 levels left

rFire    . . .     SeeInvis .   a - +0 long sword
rCold    . . .     Gourm    .   b - +0 shield
rNeg     . . .     Faith    .   (helmet restricted)
rPois    .         Spirit   .   (no amulet)
rElec    .         Reflect  .   (no ring)
rCorr    .         Harm     .   (no ring)
MR       .....                  (no ring)
Stlth    ++........             (no ring)
Regen    0.1/turn               (no ring)
MPRegen  0.1/turn               (no ring)
                                (no ring)
                                (no ring)

@: no status effects
A: almost no armour, stealthy swim, amphibious, 8 rings, constrict 8, camouflage
1, gelatinous body 1
a: no special abilities


You were on level 3 of the Dungeon.
You were not hungry.

You visited 1 branch of the dungeon, and saw 3 of its levels.

You collected 14 gold pieces.

Inventory:

Hand Weapons
 a - a +0 long sword (weapon)
Armour
 b - a +0 shield (worn)
Potions
 c - a potion of might
 e - a potion of mutation {unknown}
Comestibles
 d - 2 bread rations


   Skills:
 - Level 3.0 Fighting
 + Level 3.1 Long Blades
 - Level 3.0 Dodging
 - Level 3.0 Shields


You had one spell level left.
You didn't know any spells.

Dungeon Overview and Level Annotations

Branches:
Dungeon (3/15)

Altars:

Annotations:
D:3 Terence


Innate Abilities, Weirdness & Mutations

You cannot wear most types of armour.
You are very stealthy in the water. (Stealth+)
You are amphibious.
You can wear up to eight rings at the same time.
You can use your tentacles to constrict eight enemies at once.
Your skin changes colour to match your surroundings (Stealth+).
Your rubbery body absorbs attacks. (AC +1, EV +1)


Message History

You kill the jackal!
Unknown command.
You start resting.
HP restored.
You climb downwards.
A frilled lizard, a hobgoblin and Terence come into view.
The bullfrog hits you. You block the jackal's attack. The quokka bites you.
The bullfrog hits you! The jackal bites you.
* * * LOW HITPOINT WARNING * * *
There is a stone staircase leading up, spattered with blood here.
Okay, then.
The bullfrog completely misses you. You block the quokka's attack.
The jackal bites you.
* * * LOW HITPOINT WARNING * * *
The bullfrog closely misses you.
You riposte.
Terence shouts!
The hobgoblin shouts!
The orc shouts!
You hit the bullfrog. You grab the bullfrog. You squeeze the bullfrog!
The bullfrog is severely wounded.
The quokka bites you.
You die...

.... ## ...# ..
...##.
#####......
..........
.#####.........
..@>.......l..o
?.g$<..@h......
...?...rF.....#
...#...........
. #..........#
#.#.........
#.#......... #
#....#.... .#
#...##....


You could see a bullfrog, Terence, an orc, a quokka, a jackal, a hobgoblin and a
frilled lizard.

Vanquished Creatures
  2 goblins (D:1)
  3 hobgoblins
  3 jackals
  A bat (D:1)
  2 frilled lizards (D:1)
  3 kobolds
  2 rats (D:1)
16 creatures vanquished.

Notes
Turn   | Place    | Note
-------+----------+-------------------------------------------
     0 | D:1      | M4edhros the Octopode Fighter began the quest for the Orb.
     0 | D:1      | Reached XP level 1. HP: 16/16 MP: 1/1
   219 | D:1      | Reached XP level 2. HP: 21/21 MP: 2/2
   367 | D:3      | Noticed a bullfrog
   455 | D:3      | Noticed Terence
   456 | D:3      | Slain by a quokka

Vault maps used:
D:1:      lightli_arrival_chessboard
D:2:      minmay_misc_feat_ornament
D:3:      nicolae_qazlal_general_emergency, makhleb_blood_cavern_becter,
          chequers_ecumenical_altar_island, serial_co_window_serial,
          co_window_paths_a, co_window_corner_a, co_window_paths_b,
          co_window_paths_a, co_window_paths_a, co_window_corner_b,
          co_window_broadway_b, co_window_broadway_c, co_window_unsneaky_path_c,
          co_window_unsneaky_path_c, glass_columns_a, glass_columns_a,
          glass_columns_c, glass_columns_a, glass_columns_b,
          hangedman_abyss_or_decor_lesser_grid, item_on_display_a, uniq_terence,
          uniq_grinder

Skill      XL: |  1  2 |
---------------+-------+-----
Long Blades    | 3 |  3.1
Fighting       | |  3.0
Dodging        | |  3.0
Shields        | |  3.0

Action                   || total
-------------------------++-------
Melee: Long sword        ||    27
       Constrict         ||    12
       Tentacles         ||     5
 Stab: Sleeping          ||     2
Armor: Skin              ||     3
Dodge: Dodged            ||    16
Block: Shield            ||    20
       Rpst.: Long sword ||     9
